 Dungeon Crawl Stone Soup version 0.16.1-51-g6203257 (webtiles) character file.

1374 Miyamura the Digger (level 8, -1/43 HPs)
             Began as a Gargoyle Earth Elementalist on July 11, 2015.
             Was an Elder of Cheibriados.
             Killed from afar by an orc wizard (9 damage)
             ... with a puff of flame
             ... on level 7 of the Dungeon.
             The game lasted 00:21:46 (7367 turns).

Miyamura the Digger (Gargoyle Earth Elementalist)   Turns: 7367, Time: 00:21:46

Health: -1/43      AC: 14    Str: 22    XL:     8   Next: 66%
Magic:  18/18      EV: 14    Int: 28    God:    Cheibriados [****..]
Gold:   291        SH:  0    Dex: 20    Spells: 2 memorised, 9 levels left

rFire  . . .     SeeInvis .     k - +2 war axe
rCold  . . .     Clarity  .     c - +0 ring mail (curse)
rNeg   + + .     SustAb   .     (no shield)
rPois  ∞         Gourm    .     (no helmet)
rElec  +         Spirit   .     (no cloak)
rCorr  .         Warding  +     (no gloves)
rMut   .         Stasis   .     (no boots)
MR     .....                    p - amulet of warding
Stlth  ++........               (no ring)
                                u - +1 ring of evasion

@: very slow, not resistant to hostile enchantments, unstealthy
A: slimy green scales 1, blurry vision 1, frail 1, high mp 1, negative energy
resistance 1, shaggy fur 1, electricity resistance, unbreathing, petrification
resistance, rot immunity, forlorn, AC +5
a: Bend Time, Temporal Distortion, Slouch, Renounce Religion


You were on level 7 of the Dungeon.
You worshipped Cheibriados.
Cheibriados was greatly pleased with you.
You were not hungry.

You visited 2 branches of the dungeon, and saw 8 of its levels.

You collected 291 gold pieces.

Inventory:

Hand weapons
 k - a +2 war axe (weapon)
Missiles
 b - 186 stones (quivered)
Armour
 c - a cursed +0 ring mail (worn)
Jewellery
 p - an amulet of warding (around neck)
 u - a +1 ring of evasion (left hand)
Magical devices
 e - a wand of slowing (41)
 j - a wand of fire (13)
 m - a wand of polymorph (5)
Scrolls
 f - a scroll of remove curse
 i - 2 scrolls of amnesia
 n - 2 scrolls of recharging
 q - a scroll of teleportation
 r - a scroll of magic mapping
 v - a scroll of identify
Potions
 h - a potion of magic
 o - 2 potions of agility
 s - a potion of curing
 w - a potion of brilliance
Books
 d - a book of Geomancy

   Spells                             Type                      Level
   a - Sandblast                      Earth                        1
   b - Stoneskin                      Transmutation/Earth          2
   c - Passwall                       Transmutation/Earth          3
   d - Stone Arrow                    Conjuration/Earth            3
   e - Petrify                        Transmutation/Earth          4
   f - Lee's Rapid Deconstruction     Earth                        5
Comestibles
 a - 6 bread rations
 g - 3 meat rations
 l - 2 royal jellies
 t - 5 fruits
 x - a slice of pizza


   Skills:
 + Level 4.5 Fighting
 + Level 2.8(2.9) Axes
   Level 0.6(2.0) Maces & Flails
 + Level 3.8 Armour
 + Level 3.5 Dodging
 - Level 2.1 Stealth
 + Level 3.9 Spellcasting
 + Level 3.9 Conjurations
 - Level 0.7 Transmutations
 + Level 6.0 Earth Magic


You had 9 spell levels left.
You knew the following spells:

 Your Spells              Type           Power        Failure   Level  Hunger
a - Stone Arrow           Conj/Erth      ####..       6%          3    ##.....
h - Stoneskin             Trmt/Erth      ###.....     6%          2    None


Dungeon Overview and Level Annotations

Branches:
Dungeon (7/15)             Temple (1/1) D:4

Altars:
Ashenzari
Cheibriados
Elyvilon
Nemelex Xobeh
Okawaru
Sif Muna
Trog
Vehumet
Xom
Yredelemnul
Zin


Innate Abilities, Weirdness & Mutations

You are resistant to torment.
You are immune to poison.
Your stone body is very resilient (AC +5).
You resist negative energy.
You are resistant to electric shocks.
You can survive without breathing.
You are immune to petrification.
You are immune to rotting.
You are partially covered in slimy green scales (AC +2).
Scrolls take you a little longer to read.
You are frail (-10% HP).
You have an increased reservoir of magic (+10% MP).
You are covered in fur (AC +1).
You have difficulty communicating with the divine.


Message History

The gnoll misses you. The orc hits you but does no damage.
You hear some strange, mumbled words.
The magic dart hits you!
The orc wizard hits you but does no damage.
The gnoll misses you.
You are too injured to fight recklessly!
Unknown command.
You are too injured to fight recklessly!
Unknown command.
Read which item? (? for menu, Esc to quit)
The gnoll misses you. Something hits you but does no damage.
The orc hits you with a hand axe.
* * * LOW HITPOINT WARNING * * *
You begin reading the scroll.
You continue reading the scroll.
The orc wizard hits you but does no damage.
The gnoll hits you but does no damage. The orc wizard barely misses you.
You hear some strange, mumbled words.
A puff of flame appears from out of thin air!
The puff of flame hits you!
You die...

#........'...+..+...#.....
#........#..##..##+##....
#........#..##..#......#
#........'......#......#
........#......'......+
........#......#......#
........#+###..#....###
#+#..... ##+##....# +.....
+.g{@g...+ #.....
#.go#o...# .....
#.gg#....# . #..%+....#
#...#...(# ....#....+
#....#....# ....#.... . .


You could see an orc wizard, 4 gnolls, an orc and a goblin.

Vanquished Creatures
  A sky beast (D:5)
  A black bear (D:4)
  A gnoll sergeant (D:5)
  3 giant frogs
  2 scorpions (D:4)
  4 hounds
  A giant frog zombie (D:5)
  A centaur skeleton (D:7)
  An orc priest (D:5)
  2 giant frog skeletons (D:5)
  2 iguanas
  2 worker ants
  An orc wizard (D:5)
  A hell rat (D:5)
  Jessica (D:2)
  5 river rats (D:5)
  7 adders
  8 gnolls
  A shadow imp (D:5)
  2 giant mites
  2 worms
  An adder skeleton (D:4)
  3 oozes (D:4)
  18 orcs
  13 bats
  3 bat skeletons
  4 giant cockroaches
  8 goblins
  8 hobgoblins
  17 jackals
  11 kobolds
  2 ball pythons
  7 giant geckos
  4 giant newts
  A jackal skeleton (D:5)
  2 quokka skeletons (D:4)
  31 rats
182 creatures vanquished.

Vanquished Creatures (others)
  2 plants (D:4)
2 creatures vanquished.

Grand Total: 184 creatures vanquished

Notes
Turn   | Place    | Note
--------------------------------------------------------------
     0 | D:1      | Miyamura, the Gargoyle Earth Elementalist, began the quest for the Orb.
     0 | D:1      | Reached XP level 1. HP: 10/10 MP: 3/3
   710 | D:2      | Reached XP level 2. HP: 13/16 MP: 1/4
   745 | D:2      | Learned a level 2 spell: Stoneskin
   775 | D:2      | Noticed Jessica
   782 | D:2      | Found an iron altar of Okawaru.
   796 | D:2      | Killed Jessica
   796 | D:2      | Reached skill level 1 in Fighting
   796 | D:2      | Reached skill level 4 in Earth Magic
   796 | D:2      | Reached XP level 3. HP: 12/20 MP: 6/6
   994 | D:2      | Learned a level 3 spell: Stone Arrow
  1508 | D:1      | HP: 1/21 [jackal (2)]
  1961 | D:1      | Reached XP level 4. HP: 24/26 MP: 5/8
  2460 | D:2      | Found a snail-covered altar of Cheibriados.
  2572 | D:2      | Became a worshipper of Cheibriados the Contemplative
  3306 | D:2      | Acquired Cheibriados' first power
  3382 | D:3      | Reached XP level 5. HP: 21/31 MP: 9/9
  3640 | D:3      | Reached skill level 1 in Armour
  3680 | D:3      | Gained mutation: You are partially covered in slimy green scales (AC +2). [potion of mutation]
  3680 | D:3      | Gained mutation: You have difficulty communicating with the divine. [potion of mutation]
  3680 | D:3      | Gained mutation: You are frail (-10% HP). [potion of mutation]
  3713 | D:3      | Reached skill level 1 in Conjurations
  3761 | D:3      | Found a shimmering altar of Xom.
  3763 | D:3      | Noticed an angel
  3764 | D:3      | Found a glowing silver altar of Zin.
  4075 | D:4      | Reached skill level 1 in Axes
  4075 | D:4      | Reached XP level 6. HP: 12/32 MP: 9/11
  4809 | D:4      | Noticed a black bear
  4820 | D:4      | Killed a black bear
  5017 | D:4      | Reached skill level 5 in Earth Magic
  5017 | D:4      | Reached XP level 7. HP: 36/36 MP: 6/14
  5124 | D:4      | Found a staircase to the Ecumenical Temple.
  5134 | Temple   | Entered the Ecumenical Temple
  5252 | D:5      | Entered Level 5 of the Dungeon
  5736 | D:5      | Acquired Cheibriados' second power
  5800 | D:5      | Reached XP level 8. HP: 34/43 MP: 17/17
  6364 | D:5      | You fall through a shaft!
  6634 | D:6      | Acquired Cheibriados' third power
  6839 | D:6      | Gained mutation: You have an increased reservoir of magic (+10% MP). [potion of mutation]
  6839 | D:6      | Gained mutation: Scrolls take you a little longer to read. [potion of mutation]
  6839 | D:6      | Gained mutation: You are covered in fur (AC +1). [potion of mutation]
  7343 | D:7      | Reached skill level 6 in Earth Magic
  7367 | D:7      | Killed from afar by an orc wizard

Action                   |  1- 3 |  4- 6 |  7- 9 || total
-------------------------+-------+-------+-------++-------
Melee: Unarmed           |   116 |    33 |       ||   149
       Club              |       |    47 |       ||    47
       Whip              |       |    39 |       ||    39
       War axe           |       |   113 |   273 ||   386
 Cast: Sandblast         |    53 |    29 |       ||    82
       Stone Arrow       |       |     2 |     8 ||    10
       Stoneskin         |       |     1 |     1 ||     2
  Use: Scroll            |     4 |     9 |     4 ||    17
       Potion            |     1 |     3 |     4 ||     8
 Stab: Sleeping          |       |     1 |     1 ||     2
  Eat: Chunk             |     3 |    10 |     6 ||    19
